 Dungeon Crawl Stone Soup version 0.27.0-1-g7a089689b8 (webtiles) character file.

Game seed: 517137423745472101

42 Smaepdii the Magician (level 3, -2/35 HPs)
             Began as a Gnoll Wanderer on Aug 10, 2021.
             Was a Priest of Jiyva.
             Slain by a steam dragon (4 damage)
             ... on level 4 of the Dungeon.
             The game lasted 00:04:48 (2305 turns).

Smaepdii the Magician (Gnoll Wanderer)              Turns: 2305, Time: 00:04:48

Health: -2/35      AC:  5    Str: 10    XL:     3   Next: 54%
Magic:  11/11      EV: 10    Int: 13    God:    Jiyva [***...]
Gold:   28         SH:  0    Dex: 11    Spells: 15/16 levels left

rFire    . . .     SeeInvis .   a - +2 hand axe
rCold    . . .     Faith    .   (no shield)
rNeg     . . .     Spirit   .   b - +0 ring mail
rPois    .         Reflect  .   (no helmet)
rElec    .         Harm     .   (no cloak)
rCorr    +         Rampage  .   (no gloves)
Will     .....                  (no boots)
Stlth    +.........             (no amulet)
HPRegen  0.11/turn              (no ring)
MPRegen  0.12/turn              (no ring)

@: no status effects
A: fangs 1, strong nose, distributed training
a: Renounce Religion, Request Jelly


You were on level 4 of the Dungeon.
You worshipped Jiyva.
Jiyva was most pleased with you.
You visited 1 branch of the dungeon, and saw 4 of its levels.

You collected 28 gold pieces.

Inventory:

Hand Weapons
 a - a +2 hand axe (weapon)
Missiles
 d - 5 boomerangs (quivered)
Armour
 b - a +0 ring mail (worn)
Scrolls
 c - a scroll of identify {unknown}


   Skills:
 + Level 6.5 Fighting
 + Level 0.8 Short Blades
 + Level 0.8 Long Blades
 + Level 4.5 Axes
 + Level 0.8 Maces & Flails
 + Level 0.8 Polearms
 + Level 0.8 Staves
 + Level 0.8 Slings
 + Level 0.8 Bows
 + Level 0.8 Crossbows
 + Level 0.8 Throwing
 + Level 0.8 Armour
 + Level 0.8 Dodging
 + Level 0.8 Stealth
 + Level 4.5 Shields
 + Level 0.8 Unarmed Combat
 + Level 7.1 Spellcasting
 + Level 0.5 Conjurations
 + Level 0.5 Hexes
 + Level 0.5 Summonings
 + Level 0.5 Necromancy
 + Level 0.5 Translocations
 + Level 0.5 Transmutations
 + Level 0.5 Fire Magic
 + Level 0.5 Ice Magic
 + Level 0.5 Air Magic
 + Level 0.5 Earth Magic
 + Level 0.5 Poison Magic
 + Level 1.0 Invocations
 + Level 0.8 Evocations


You had 15 spell levels left.
You knew the following spells:

 Your Spells              Type           Power      Damage    Failure   Level
a - Sting                 Tmut/Pois      24%        1d4       30%         1

Your spell library contained the following spells:

 Spells                   Type           Power      Damage    Failure   Level
 Spider Form              Tmut/Pois      3%         N/A       67%         3


Dungeon Overview and Level Annotations

Branches:
Dungeon (4/15)
 Temple: D:4-7

Altars:
Jiyva


Innate Abilities, Weirdness & Mutations

You have very sharp teeth.
Your uncanny sense of smell can sniff out nearby items.
Your experience applies equally to all skills.


Message History

The steam dragon breathes steam at you. The ball of steam hits you!!
Ouch! That really hurt!
The dart slug barely misses you.
You hear an angry hiss.
You hit the dart slug but do no damage.
The dart slug is severely wounded.
You are engulfed in a cloud of scalding steam.
You hear a slurping noise.
The dart slug closely misses you.
You hit the dart slug but do no damage.
The dart slug is severely wounded.
You are engulfed in a cloud of scalding steam.
* * * LOW HITPOINT WARNING * * *
The dart slug launches a dart at you. The slug dart hits you.
* * * LOW HITPOINT WARNING * * *
Okay, then.
Okay, then.
You aren't carrying any potions.
The orc is engulfed in a cloud of scalding steam.
The steam dragon breathes steam at you. The ball of steam misses you.
There is a stone staircase leading down here.
The steam dragon breathes steam at you. The ball of steam misses you.
You climb downwards.
An adder comes into view.
There is a stone staircase leading up here.
You hit the steam dragon but do no damage.
The steam dragon barely misses you. The steam dragon claws you.
* * * LOW HITPOINT WARNING * * *
You barely miss the steam dragon. The steam dragon barely misses you.
The steam dragon closely misses you.
You hit the steam dragon but do no damage.
Your ring mail prevents you from hitting the adder.
The adder bites you.
* * * LOW HITPOINT WARNING * * *
The steam dragon bites you.
You die...

### ## #
... .. ##
.## #.##.
..... #.#.
.#.# #..
..# #D#.#
#.@#
.......#S#
#......
#.#
##..#.#
#.. #. #.
... # #.
...# #
∆... ...


You could see a steam dragon (catching breath) and an adder.

Vanquished Creatures
  2 adders (D:2)
  3 orcs (D:2)
  4 bats (D:1)
  2 hobgoblins
  2 jackals (D:2)
  3 ball pythons
  A frilled lizard (D:2)
  2 kobolds
  2 rats
21 creatures vanquished.

Vanquished Creatures (others)
  Sigmund (D:2)
  2 jellies (D:2)
  An adder (D:2)
  2 dart slugs (D:1)
  An endoplasm (D:2)
  A giant cockroach (D:2)
  2 goblins
  3 hobgoblins (D:2)
  6 jackals (D:2)
  A quokka (D:1)
  A ball python (D:3)
  6 bats
  A frilled lizard (D:2)
  5 rats
  170 plants (D:1)
203 creatures vanquished.

Grand Total: 224 creatures vanquished

Notes
Turn   | Place    | Note
-------+----------+-------------------------------------------
     0 | D:1      | Smaepdii the Gnoll Wanderer began the quest for the Orb.
     0 | D:1      | Smaepdii set off with the following items: a +2 hand axe, a
                  | +0 ring mail; and the following spell memorised: Sting; and
                  | the following spells available to memorise: Spider Form
     0 | D:1      | Reached XP level 1. HP: 23/23 MP: 8/8
    20 | D:1      | Found a faded altar of an unknown god.
    36 | D:1      | Became a worshipper of Jiyva Jyamit the Shapeless
    36 | D:1      | Reached * piety under Jiyva
   639 | D:1      | Reached ** piety under Jiyva
  1026 | D:1      | Reached XP level 2. HP: 29/29 MP: 10/10
  1516 | D:2      | Reached XP level 3. HP: 24/35 MP: 11/11
  1693 | D:2      | Killed Sigmund
  2083 | D:2      | Reached skill level 1 in Invocations
  2192 | D:3      | Reached *** piety under Jiyva
  2282 | D:3      | Noticed a steam dragon
  2305 | D:4      | Slain by a steam dragon

Illustrated notes

Levels and vault maps discovered:
D:1:      roderic_crop_circles_arrival_small, layout_basic,
          ebering_ecumenical_altar_rust
D:2:      layout_basic, uniq_sigmund
D:3:      layout_basic
D:4:      layout_loops_corners, minmay_temple_entry_statues, serial_shops, shop

Skill      XL: |  1  2  3 |
---------------+----------+-----
Invocations    | 1 |  1.0
Fighting       | |  6.5
Short Blades   | |  0.8
Long Blades    | |  0.8
Axes           | |  4.5
Maces & Flails | |  0.8
Polearms       | |  0.8
Staves         | |  0.8
Slings         | |  0.8
Bows           | |  0.8
Crossbows      | |  0.8
Throwing       | |  0.8
Armour         | |  0.8
Dodging        | |  0.8
Stealth        | |  0.8
Shields        | |  4.5
Unarmed Combat | |  0.8
Spellcasting   | |  7.1
Conjurations   | |  0.5
Hexes          | |  0.5
Summonings     | |  0.5
Necromancy     | |  0.5
Translocations | |  0.5
Transmutations | |  0.5
Fire Magic     | |  0.5
Ice Magic      | |  0.5
Air Magic      | |  0.5
Earth Magic    | |  0.5
Poison Magic   | |  0.5
Evocations     | |  0.8

Action                   || total
-------------------------++-------
Melee: Hand axe          ||    69
       Bite              ||     7
Throw: Boomerang         ||     4
Armor: Ring mail         ||    21
Dodge: Dodged            ||    34
